 Dungeon Crawl Stone Soup version 0.26-a0-598-g61e6210 (webtiles) character file.

Game seed: 2155324141784880771

532 ClockworkOrrery the Skirmisher (level 7, 48/48 HPs)
             Began as a Gargoyle Fighter on Aug 27, 2020.
             Was an Initiate of the Shining One.
             Quit the game on level 4 of the Dungeon.
             The game lasted 00:06:24 (3565 turns).

ClockworkOrrery the Skirmisher (Gargoyle Fighter)   Turns: 3565, Time: 00:06:24

Health: 48/48      AC: 15    Str: 22    XL:     7   Next: 24%
Magic:  16/16      EV:  5    Int:  8    God:    the Shining One [......]
Gold:   234        SH:  9    Dex:  9    Spells: 6/6 levels left

rFire    . . .     SeeInvis .   a - +0 flail
rCold    . . .     Faith    .   c - +0 kite shield
rNeg     + . .     Spirit   +   h - +0 chain mail
rPois    ∞         Reflect  .   j - +0 helmet (curse)
rElec    +         Harm     .   (no cloak)
rCorr    .                      (no gloves)
MR       .....                  (no boots)
Stlth    ..........             e - amulet of guardian spirit
HPRegen  0.16/turn              s - ring of magical power
MPRegen  0.15/turn              (no ring)

@: glowing
A: negative energy resistance 1, electricity resistance, unbreathing,
petrification resistance, rot immunity, AC +4
a: Renounce Religion


You were on level 4 of the Dungeon.
You worshipped the Shining One.
The Shining One was noncommittal.
You visited 2 branches of the dungeon, and saw 5 of its levels.

You collected 234 gold pieces.

Inventory:

Hand Weapons
 a - a +0 flail (weapon)
Armour
 c - a +0 kite shield (worn)
 h - a +0 chain mail (worn)
 j - a cursed +0 helmet (worn)
 n - a +1 helmet
Jewellery
 e - an amulet of guardian spirit (around neck)
 s - a ring of magical power (left hand)
Scrolls
 k - a scroll of immolation
 l - 3 scrolls of teleportation
 o - a scroll of amnesia
 w - a scroll of random uselessness {unknown}
Potions
 b - a potion of mutation {unknown}
 d - a potion of might
 f - a potion of resistance {unknown}
 g - a potion of curing {unknown}
 i - a potion of brilliance {unknown}
 p - 2 potions of heal wounds {unknown}
 q - a potion of haste {unknown}
 t - 4 potions of flight {unknown}
 u - a potion of stabbing {unknown}
 v - a potion of invisibility {unknown}


   Skills:
 * Level 7.4 Fighting
 + Level 4.6 Maces & Flails
 - Level 3.2 Armour
 - Level 3.2 Shields


You had 6 spell levels left.
You didn't know any spells.
Your spell library was empty.

Dungeon Overview and Level Annotations

Branches:
Dungeon (4/15)             Temple (1/1) D:4

Altars:
Ashenzari
Cheibriados
Dithmenos
Elyvilon
Fedhas
Gozag
Hepliaklqana
Kikubaaqudgha
Makhleb
Nemelex Xobeh
Okawaru
Qazlal
Ru
Sif Muna
Trog
Uskayaw
Vehumet
Wu Jian
Xom
Yredelemnul
Zin
The Shining One


Innate Abilities, Weirdness & Mutations

You are resistant to torment.
Your stone body is resilient. (AC +4)
You are immune to poison.
You resist negative energy. (rN+)
You are resistant to electric shocks. (rElec)
You can survive without breathing.
You are immune to petrification.
You are immune to rotting.


Message History

No target in view!
No target in view!
t - 4 bubbling black potions (gained 1)
m - 2 scrolls of identify (gained 1)
Found a stone staircase leading up.
No target in view!
m - 3 scrolls of identify (gained 1)
You now have 234 gold pieces (gained 4).
There is an escape hatch in the floor here.
Done exploring.
Done exploring.
As you read the scroll of identify, it crumbles to dust.
k - a scroll of immolation
As you read the scroll of identify, it crumbles to dust.
o - a scroll of amnesia
As you read the scroll of identify, it crumbles to dust.
r - a scroll of magic mapping
As you read the scroll of magic mapping, it crumbles to dust.
You feel momentarily disoriented.
Are you sure you want to abandon this character and quit the game? (Confirm with "yes".)

....)## #.....# .....#
#..>..# ..(.<## ###.###
......#### #..#
.........# #.##
#####(...###.# ..#
####.....###########
#.######.###...........#
#...............@......#
........##..#.....>....#
##.#######.#############
##....# #.# ####.# #.#
#.# #.# # #.# #.#
#####.# ##.#
...##.###..######


There were no monsters in sight!

Vanquished Creatures
  2 orc priests (D:3)
  A hound (D:4)
  6 orc wizards
  Jessica (D:2)
  3 worker ants (D:4)
  Robin (D:2)
  4 gnolls (D:4)
  2 adders (D:2)
  An ooze (D:1)
  An adder skeleton (D:4)
  2 worms (D:2)
  3 dart slugs
  3 leopard geckos
  6 orcs
  5 bats
  4 giant cockroaches
  18 goblins
  8 hobgoblins
  6 jackals
  5 quokkas
  A frilled lizard (D:1)
  7 kobolds
  A quokka skeleton (D:4)
  4 rats
95 creatures vanquished.

Notes
Turn   | Place    | Note
-------+----------+-------------------------------------------
     0 | D:1      | ClockworkOrrery the Gargoyle Fighter began the quest for
                  | the Orb.
     0 | D:1      | Reached XP level 1. HP: 14/14 MP: 1/1
   125 | D:1      | Reached XP level 2. HP: 20/20 MP: 2/2
   216 | D:1      | Reached skill level 4 in Fighting
   316 | D:1      | Reached XP level 3. HP: 23/24 MP: 3/3
   860 | D:2      | Noticed Robin
   915 | D:2      | Reached XP level 4. HP: 25/30 MP: 4/4
   927 | D:2      | Killed Robin
   941 | D:2      | Reached skill level 5 in Fighting
  1623 | D:2      | Noticed Jessica
  1634 | D:2      | Killed Jessica
  1634 | D:2      | Reached XP level 5. HP: 31/35 MP: 3/5
  1992 | D:3      | Reached skill level 6 in Fighting
  1992 | D:3      | Reached XP level 6. HP: 37/41 MP: 6/6
  2046 | D:3      | Found a sacrificial altar of Ru.
  2371 | D:3      | Found a stormy altar of Qazlal.
  2371 | D:3      | Noticed a water elemental
  2678 | D:3      | Noticed a fire elemental
  2681 | D:3      | Noticed an air elemental
  2908 | D:4      | Reached skill level 7 in Fighting
  2998 | D:4      | Reached XP level 7. HP: 45/48 MP: 7/7
  3188 | D:4      | Found a staircase to the Ecumenical Temple.
  3197 | Temple   | Entered the Ecumenical Temple
  3344 | Temple   | Became a worshipper of the Shining One
  3565 | D:4      | Quit the game

Illustrated notes

Levels and vault maps discovered:
D:1:      zelgadis_glass_arrival_small, layout_loops_corners,
          kennysheep_crisscross, corexii_corridor_pit
D:2:      layout_loops_ring, kennysheep_jessica_study, uniq_robin
D:3:      layout_rooms, nicolae_qazlal_style_of_elements,
          nicolae_ru_awakened_eye
D:4:      layout_rooms, minmay_temple_entry_glassed_door
Temple:   kilobyte_greek_temple

Skill      XL: |  1  2  3  4  5  6 |
---------------+-------------------+-----
Fighting       | 4 5 6 7 |  7.4
Maces & Flails | 3 4 |  4.6
Armour         | |  3.2
Shields        | |  3.2

Action                   |  1- 3 |  4- 6 |  7- 9 || total
-------------------------+-------+-------+-------++-------
Melee: Flail             |   131 |   245 |    35 ||   411
  Use: Scroll            |       |     3 |     4 ||     7
Armor: Scale mail        |    44 |       |       ||    44
       Chain mail        |    66 |   191 |    21 ||   278
Dodge: Dodged            |    50 |    76 |     4 ||   130
Block: Kite shield       |    95 |   151 |    11 ||   257

Table legend: (Time is in decaauts)
 A = Elapsed time spent in this place.
 B = Non-inter-level travel time spent in this place.
 C = Inter-level travel time spent in this place.
 D = Time resting spent in this place.
 E = Time spent auto-exploring this place.
 F = Levels seen in this place.
 G = Mean time per level.
                   A        B        C        D        E       F      G
               +--------+--------+--------+--------+--------+-----+--------+
         Total |   3694 |   3611 |     83 |    235 |   2484 |   5 |  738.8 |
       Dungeon |   3511 |   3453 |     58 |    235 |   2363 |   4 |  877.8 |
        Temple |    182 |    157 |     25 |      0 |    121 |   1 |  182.0 |
               +--------+--------+--------+--------+--------+-----+--------+

Top non-repeatable levels by time:
     D:2: 1107 daAuts
     D:1: 941 daAuts
     D:3: 773 daAuts
     D:4: 688 daAuts
  Temple: 182 daAuts
